AoeStats
← 今夜浓愁未到乡

Arena

508656780Analyzed
4v4 RM · 10d ago on Sep 23, 2026· 44m 50s· 8 players
Game mode
Random Map
Map size
Large (8 player)
Population
200
Speed
Normal
Resources
Standard
Victory
Conquest
Starting age
Dark Age
Ending age
Imperial Age
RankedLock teamsTeams togetherTeam positionsShared explorationLock speedFull tech treeHidden civsTurbo modeCheats
Victory
Defeat
1354
+14
1347
+14
🇨🇳 Khmer · China
1344
+14
1308
+16
🇻🇳 Magyars · Vietnam
1325
-15
🇨🇳 Varangians · China
1321
-15
🇹🇼 Britons · Taiwan
1290
-14
🇹🇼 Persians · Taiwan
1290
-14
阿尔特留斯
10:38 Feudal Age
11:37 Double-Bit Axe
14:16 Castle Age
13:55 Horse Collar
16:12 Bow Saw
20:37 Gold Mining
23:18 Wheelbarrow
24:07 Heavy Plow
26:53 Hand Cart
31:00 Imperial Age
28:45 Loom
29:25 Stone Mining
29:51 Fervor
29:50 Scale Barding Armor
29:55 Forging
29:30 Treadmill Crane
30:58 Bloodlines
31:42 Husbandry
32:09 Chain Barding Armor
32:25 Iron Casting
32:07 Masonry
33:10 Stone Shaft Mining
33:41 Plate Barding Armor
33:12 Squires
34:24 Elite Jarl
35:24 Conscription
35:35 Ballistics
35:10 Murder Holes
35:46 Architecture
36:05 Crop Rotation
38:38 Blast Furnace
37:29 Fletching
39:43 Two-Man Saw
40:09 Chemistry
42:07 Coinage
42:27 Bodkin Arrow
42:12 Capped Ram
Vàng Ai Nấy Đào
11:07 Feudal Age
11:34 Loom
15:22 Castle Age
13:10 Double-Bit Axe
13:29 Horse Collar
15:56 Scale Mail Armor
17:43 Fletching
22:04 Heavy Plow
23:17 Scale Barding Armor
23:01 Town Watch
24:54 Wheelbarrow
25:38 Bloodlines
26:39 Husbandry
29:19 Bow Saw
32:18 Gold Mining
32:37 Bodkin Arrow
34:03 Padded Archer Armor
34:22 Murder Holes
34:57 Murder Holes
37:50 Masonry
心態調整師
10:06 Feudal Age
12:09 Double-Bit Axe
14:37 Castle Age
12:49 Horse Collar
24:57 Bow Saw
27:02 Wheelbarrow
30:20 Imperial Age
28:00 Loom
29:36 Hand Cart
29:37 Scale Barding Armor
29:43 Forging
30:50 Chain Barding Armor
30:07 Cavalier
31:26 Bloodlines
32:11 Masonry
32:59 Plate Barding Armor
32:54 Gold Mining
32:36 Heavy Camel Rider
33:55 Iron Casting
33:52 Conscription
34:59 Husbandry
36:20 Blast Furnace
35:08 Heavy Camel Rider
36:57 Town Watch
42:51 Light Cavalry
聽話 讓我看看
10:52 Feudal Age
12:03 Horse Collar
14:32 Castle Age
12:24 Double-Bit Axe
15:55 Bow Saw
15:47 Heavy Plow
18:24 Loom
22:55 Wheelbarrow
23:59 Gold Mining
24:05 Stone Mining
24:02 Town Watch
27:21 Imperial Age
25:35 Hand Cart
25:26 Fletching
25:37 Padded Archer Armor
26:20 Bodkin Arrow
27:43 Leather Archer Armor
27:34 Guard Tower
28:05 Ballistics
29:07 Chemistry
28:50 Gold Shaft Mining
29:38 Masonry
30:12 Man-at-Arms
30:55 Squires
31:13 Scale Mail Armor
31:24 Forging
30:59 Long Swordsman
开局不死农就算成功
11:21 Feudal Age
12:36 Double-Bit Axe
15:17 Castle Age
13:19 Horse Collar
16:10 Bow Saw
16:03 Heavy Plow
21:54 Wheelbarrow
24:28 Gold Mining
24:59 Hand Cart
26:01 Gold Shaft Mining
29:40 Imperial Age
26:56 Loom
29:18 Bloodlines
29:08 Husbandry
29:19 Forging
29:14 Scale Barding Armor
30:39 Iron Casting
29:44 Elite Steppe Lancer
31:04 Conscription
30:59 Husbandry
31:21 Chain Barding Armor
30:26 Capped Ram
31:46 Siege Ram
35:35 Plate Barding Armor
36:00 Blast Furnace
37:01 Chemistry
38:54 Light Cavalry
39:56 Siege Engineers
42:38 Crop Rotation
44:28 Blast Furnace
43:38 Scale Mail Armor
今夜浓愁未到乡
11:11 Feudal Age
14:02 Castle Age
11:52 Double-Bit Axe
12:04 Horse Collar
15:18 Bow Saw
19:21 Wheelbarrow
20:14 Heavy Plow
21:04 Town Watch
22:01 Gold Mining
21:57 Loom
24:46 Gold Shaft Mining
25:19 Hand Cart
27:59 Imperial Age
25:50 Scale Barding Armor
25:55 Forging
25:47 Stone Mining
26:56 Chain Barding Armor
26:46 Forging
27:56 Stone Shaft Mining
27:30 Husbandry
28:07 Elite Battle Elephant
28:58 Bloodlines
29:40 Plate Barding Armor
30:22 Iron Casting
31:37 Devotion
32:07 Fletching
33:19 Blast Furnace
32:10 Fletching
33:24 Blast Furnace
32:34 Tusk Swords
32:55 Conscription
33:14 Bodkin Arrow
34:35 Guard Tower
35:12 Ballistics
35:52 Chemistry
35:19 Bracer
37:05 Siege Engineers
39:10 Keep
38:32 Murder Holes
38:04 Light Cavalry
38:42 Heavy Scorpion
39:00 Hussar
40:32 Faith
抗渗凯波拉,蒸得夹得
9:20 Feudal Age
10:12 Loom
13:35 Castle Age
14:21 Double-Bit Axe
27:55 Bow Saw
32:02 Horse Collar
36:36 Heavy Plow
39:01 Wheelbarrow
40:23 Hand Cart
43:33 Imperial Age
41:23 Man-at-Arms
42:21 Forging
42:17 Scale Barding Armor
42:50 Scale Mail Armor
42:18 Long Swordsman
44:18 Iron Casting
43:59 Chain Mail Armor
44:27 Ballistics
44:18 Fortified Wall
43:41 Legionary
44:49 Conscription
45:25 Comitatenses
44:38 Heavy Scorpion
根本就没有这样的民族
9:46 Feudal Age
11:05 Double-Bit Axe
13:38 Castle Age
11:56 Horse Collar
13:32 Wheelbarrow
13:37 Loom
13:37 Town Watch
14:28 Wheelbarrow
19:29 Bow Saw
22:40 Gold Mining
24:20 Hand Cart
26:43 Imperial Age
24:29 Scale Mail Armor
24:44 Squires
24:57 Forging
25:18 Stone Mining
26:06 Chain Mail Armor
26:53 Capped Ram
28:08 Plate Mail Armor
28:05 Heavy Plow
30:03 Iron Casting
31:58 Elite Varangian Guard
33:54 Blast Furnace
33:10 Gothikon
33:47 Arson
35:28 Two-Man Saw
35:16 Conscription
36:55 Guilds
37:15 Coinage
37:25 Stone Shaft Mining
37:43 Crop Rotation
37:02 Siege Ram
38:34 Siege Engineers
38:50 Ballistics
39:31 Chemistry
38:22 Fletching
43:49 Masonry
43:19 Treadmill Crane
Connection lost

Rejoining the realm…

Still unreachable

The connection could not be restored.

Session expired

The server has moved on; the page needs a fresh start.